 Dungeon Crawl Stone Soup version 0.28.0-53-g5a82cb258f (webtiles) character file.

Game seed: 2425649416273722535

831 issech the Cleaver (level 7, -7/61 HPs)
             Began as a Minotaur Monk on June 22, 2022.
             Mangled by an orc warrior
             ... wielding a +0 flail
              (10 damage)
             ... on level 4 of the Dungeon.
             The game lasted 00:17:18 (4379 turns).

issech the Cleaver (Minotaur Monk)                  Turns: 4379, Time: 00:17:18

Health: -7/61      AC: 12    Str: 15    XL:     7   Next: 65%
Magic:  0/6        EV:  4    Int:  7    God:
Gold:   34         SH:  9    Dex: 15    Spells: 6/6 levels left

rFire   + . .      SeeInvis .   u - +0 war axe
rCold   . . .      Faith    .   z - +1 kite shield {rC+}
rNeg    . . .      Spirit   +   a - +0 plate armour
rPois   .          Reflect  .   (helmet restricted)
rElec   .          Harm     .   (no cloak)
rCorr   .          Rampage  .   p - +0 pair of gloves
Will    .....                   (no boots)
Stlth   ..........              j - amulet of guardian spirit
HPRegen 0.20/turn               x - ring of fire
MPRegen 0.10/turn               (no ring)

@: no status effects
A: horns 2, retaliatory headbutt
a: no special abilities


You were on level 4 of the Dungeon.
You visited 1 branch of the dungeon, and saw 5 of its levels.

You collected 219 gold pieces.
You spent 185 gold pieces at shops.

Inventory:

Hand Weapons
 b - a +0 hunting sling
 u - a +0 war axe (weapon)
 C - a +2 short sword of speed
 D - a +2 great sword
 F - a +0 hand crossbow
Missiles
 c - 93 arrows
 d - 96 stones (quivered)
 e - 41 sling bullets
 n - 8 poisoned darts
 y - 2 boomerangs
 E - 44 bolts
Armour
 a - a +0 plate armour (worn)
 p - a +0 pair of gloves (worn)
 z - a +1 kite shield of cold resistance (worn)
Jewellery
 j - an amulet of guardian spirit (around neck)
 x - a ring of fire (left hand)
Wands
 r - a wand of flame (21)
Scrolls
 h - a scroll of vulnerability
 i - a scroll of enchant armour
 o - a scroll of amnesia
 q - a scroll of teleportation
 t - a scroll of magic mapping {unknown}
 v - 3 scrolls of blinking {unknown}
Potions
 g - 2 potions of might {unknown}
 k - 5 potions of brilliance {unknown}
 l - 2 potions of resistance {unknown}
 m - a potion of invisibility {unknown}
 s - 2 potions of curing {unknown}
 A - a potion of mutation {unknown}
 B - a potion of lignification {unknown}


   Skills:
 + Level 5.3 Fighting
 + Level 8.0 Axes
 + Level 0.7 Throwing
 + Level 2.5 Armour
 + Level 5.2 Dodging
 + Level 2.4 Stealth
 + Level 1.4 Shields


You had 6 spell levels left.
You didn't know any spells.
Your spell library contained the following spells:

 Spells                   Type           Power      Damage    Failure   Level
 Foxfire                  Conj/Fire      0%         2x1d4     100%        1
 Conjure Flame            Conj/Fire      0%         6-21      100%        3
 Inner Flame              Hex/Fire       0%         N/A       100%        3
 Flame Wave               Conj/Fire      0%         2d4       100%        4


Dungeon Overview and Level Annotations

Branches:
Dungeon (5/15)
 Temple: D:4-7

Altars:
Sif Muna

Shops:
D:4 *(*!(


Innate Abilities, Weirdness & Mutations

You have a pair of horns on your head.
You reflexively headbutt those who attack you in melee.


Message History

The orc warrior hits you with a +0 flail!
The orc warrior hits you with a +0 flail.
You barely miss the orc warrior.
The orc warrior is moderately wounded.
You block the orc warrior's attack.
You hit the orc warrior but do no damage.
You headbutt the orc warrior.
The orc warrior is moderately wounded.
The orc warrior hits you with a +0 flail!
You hit the orc warrior.
The orc warrior is heavily wounded.
The orc warrior hits you with a +0 flail.
You block the orc warrior's attack.
You slash the orc warrior!
The orc warrior is severely wounded.
The orc warrior hits you with a +0 flail!
* * * LOW HITPOINT WARNING * * *
You closely miss the orc warrior.
The orc warrior is severely wounded.
The orc warrior hits you with a +0 flail!
* * * LOW HITPOINT WARNING * * *
You closely miss the orc warrior.
The orc warrior is severely wounded.
The orc warrior hits you with a +0 flail!
* * * LOW HITPOINT WARNING * * *
You slash the orc warrior!
The orc warrior is almost dead.
The orc warrior barely misses you.
You hit the orc warrior but do no damage.
The orc warrior is almost dead.
The orc warrior hits you but does no damage.
You hit the orc warrior but do no damage.
The orc warrior is almost dead.
You block the orc warrior's attack.
The orc warrior hits you with a +0 flail!
* * * LOW HITPOINT WARNING * * *
You closely miss the orc warrior.
The orc warrior is almost dead.
The orc warrior hits you with a +0 flail!
You die...

...#.....#.....................#.
...'.....#.....................#.
...#.....#...<.................#.
...####..#.....................##
#.....#..#####....##########'#...
#.....#...#..'....#....#.....#...
#.....#.).#..#....'....#.....#.).
......##'#####<.).############...
####...........o@.....# ###.
#..................# #.
#.............)....# #.
#..................## #.
################....# ## #....# #
#....# # #....# # ######


You could see an orc warrior.

Vanquished Creatures
  Grinder (D:3)
  Sigmund (D:3)
  2 scorpions (D:4)
  A wight (D:4)
  2 hounds (D:4)
  An orc priest (D:3)
  An iguana (D:4)
  2 orc wizards
  Robin (D:3)
  4 adders
  An ufetubus (D:4)
  A worm (D:2)
  A dart slug (D:4)
  8 orcs
  4 endoplasms
  4 giant cockroaches
  8 hobgoblins
  10 jackals
  11 kobolds
  A quokka (D:1)
  10 ball pythons
  5 bats
  4 frilled lizards
  16 goblins
  3 rats (D:1)
103 creatures vanquished.

Notes
Turn   | Place    | Note
-------+----------+-------------------------------------------
     0 | D:1      | issech the Minotaur Monk began the quest for the Orb.
     0 | D:1      | Reached XP level 1. HP: 19/19 MP: 0/0
   127 | D:1      | Reached XP level 2. HP: 22/27 MP: 1/1
   287 | D:1      | Found a faded altar of an unknown god.
   293 | D:1      | Reached skill level 4 in Axes
   498 | D:1      | Reached XP level 3. HP: 22/33 MP: 2/2
  1451 | D:2      | Reached XP level 4. HP: 41/41 MP: 3/3
  1619 | D:3      | Noticed Grinder
  1811 | D:3      | Paralysed by Grinder for 5 turns
  1831 | D:3      | Killed Grinder
  1832 | D:3      | Reached skill level 5 in Axes
  1832 | D:3      | Reached XP level 5. HP: 28/47 MP: 4/4
  1979 | D:3      | Reached XP level 6. HP: 52/55 MP: 5/5
  2055 | D:3      | Noticed Sigmund
  2237 | D:3      | Noticed Robin
  2273 | D:3      | Reached skill level 5 in Fighting
  2277 | D:3      | Reached skill level 6 in Axes
  2279 | D:3      | Killed Robin
  2283 | D:3      | Reached skill level 5 in Dodging
  2466 | D:3      | Killed Sigmund
  2467 | D:3      | Reached skill level 1 in Armour
  2793 | D:4      | Found a shimmering blue altar of Sif Muna.
  2872 | D:4      | Found Desuv Heyrgh's Distillery.
  2872 | D:4      | Found Ostud's General Store.
  2890 | D:4      | Bought a +1 kite shield of cold resistance for 165 gold
                  | pieces
  2922 | D:4      | Reached skill level 7 in Axes
  2922 | D:4      | Reached XP level 7. HP: 61/61 MP: 4/6
  3086 | D:3      | Reached skill level 1 in Shields
  3284 | D:4      | Found Viryc's Antique Weapon Shop.
  3711 | D:4      | Found Uqelut's Antique Weapon Shop.
  3784 | D:4      | Bought a scroll of identify for 20 gold pieces
  3929 | D:4      | Found Afestry's Assorted Antiques.
  4119 | D:5      | Entered Level 5 of the Dungeon
  4137 | D:4      | Reached skill level 8 in Axes
  4378 | D:4      | HP: 2/61 [orc warrior/+0 flail (8)]
  4379 | D:4      | Mangled by an orc warrior

Illustrated notes

Levels and vault maps discovered:
D:1:      ebering_trefoil_twist, layout_loops_ring,
          ebering_ecumenical_altar_sacrificial
D:2:      layout_rooms
D:3:      layout_basic, uniq_grinder, uniq_robin, uniq_sigmund
D:4:      minmay_chambers_of_fours, layout_gridville, lemuel_tele_altar,
          serial_shops, nicolae_shop_window_shopping, shop, shop, shop_statue,
          shop
D:5:      layout_basic, nrook_mini_vaults

Skill      XL: |  1  2  3  4  5  6  7 |
---------------+----------------------+-----
Axes           | 4 5 7 8 |  8.0
Fighting       | 4 5 |  5.3
Dodging        | 4 5 |  5.2
Stealth        | 2 |  2.4
Armour         | 1 2 |  2.5
Shields        | 1 |  1.4
Throwing       | |  0.7

Action                   |  1- 3 |  4- 6 |  7- 9 || total
-------------------------+-------+-------+-------++-------
Melee: Hand axe          |    77 |    23 |       ||   100
       Headbutt          |    10 |    15 |     4 ||    29
       War axe           |       |    68 |    71 ||   139
 Fire: Hunting sling     |       |       |     4 ||     4
Throw: Stone             |       |    26 |       ||    26
  Use: Scroll            |       |       |     4 ||     4
 Stab: Sleeping          |       |     2 |     1 ||     3
Armor: Robe              |    15 |     5 |       ||    20
       Ring mail         |       |    16 |    11 ||    27
       Plate armour      |       |       |    31 ||    31
Dodge: Dodged            |    58 |    59 |    26 ||   143
Block: Kite shield       |       |     1 |    53 ||    54
